 Dungeon Crawl Stone Soup version 0.26.1-11-gd32895ea62 (webtiles) character file.

Game seed: 14567844849557463964

348 kodamatunes15 the Slasher (level 6, -3/38 HPs)
             Began as a Tengu Berserker on May 1, 2021.
             Was a Priest of Trog.
             Slain by Grinder (5 damage)
             ... on level 4 of the Dungeon.
             The game lasted 00:24:08 (3036 turns).

kodamatunes15 the Slasher (Tengu Berserker)         Turns: 3036, Time: 00:24:08

Health: -3/38      AC:  8    Str: 18    XL:     6   Next: 60%
Magic:  7/7        EV: 11    Int:  8    God:    Trog [***...]
Gold:   186        SH:  0    Dex: 14    Spells: 5/5 levels left

rFire    . . .     SeeInvis .   w - +4 quarterstaff (chaos)
rCold    . . .     Faith    .   (shield currently unavailable)
rNeg     . . .     Spirit   .   k - +0 scale mail
rPois    .         Reflect  .   (helmet restricted)
rElec    .         Harm     .   (no cloak)
rCorr    .         Rampage  .   e - +0 pair of gloves
Will     .....                  (boots unavailable)
Stlth    ..........             (no amulet)
HPRegen  0.12/turn              (no ring)
MPRegen  0.10/turn              (no ring)

@: no status effects
A: beak, talons 3, able to fly
a: Fly, Renounce Religion, Berserk, Trog's Hand


You were on level 4 of the Dungeon.
You worshipped Trog.
Trog was most pleased with you.
You visited 1 branch of the dungeon, and saw 4 of its levels.

You collected 186 gold pieces.

Inventory:

Hand Weapons
 a - a +0 falchion
 d - a +0 dagger
 f - a +0 club
 h - a +0 club
 i - a +0 whip
 v - a +1 dagger of electrocution
 w - a +4 quarterstaff of chaos (weapon)
Missiles
 j - 94 stones
 l - 4 poisoned darts
 q - 8 javelins
 y - 17 arrows
Armour
 b - a +0 animal skin
 c - a +2 pair of gloves
 e - a +0 pair of gloves (worn)
 g - a +2 barding
 k - a +0 scale mail (worn)
 u - a +0 pair of boots
 x - a cursed +0 cloak
Wands
 t - a wand of iceblast (10)
Potions
 m - 2 potions of might {unknown}
 n - 2 potions of lignification {unknown}
 p - 2 potions of heal wounds {unknown}
 r - a potion of resistance {unknown}
 s - 2 potions of attraction {unknown}
 z - a potion of brilliance {unknown}
 C - a potion of cancellation {unknown}


   Skills:
 + Level 4.1 Fighting
 + Level 5.2 Long Blades
 + Level 2.4 Staves
 + Level 3.9 Armour
 + Level 3.0 Dodging
 + Level 0.5 Stealth


You had 5 spell levels left.
You didn't know any spells.
Your spell library was empty.

Dungeon Overview and Level Annotations

Branches:
Dungeon (4/15)
 Temple: D:4-7

Altars:

Annotations:
D:4 Grinder


Innate Abilities, Weirdness & Mutations

You have a beak for a mouth.
You have claws for feet.
You can fly continuously.


Message History

* * * LOW HITPOINT WARNING * * *
You hit Grinder. You claw Grinder, but do no damage.
Grinder is almost dead.
Grinder hits you but does no damage. Grinder gestures at you.
You suddenly lose the ability to move!
Grinder hits you.
* * * LOW HITPOINT WARNING * * *
You writhe in agony.
* * * LOW HITPOINT WARNING * * *
You can move again.
You hit Grinder.
Grinder convulses.
You claw Grinder.
Grinder is almost dead.
Grinder hits you but does no damage.
You closely miss Grinder.
Grinder is almost dead.
Grinder hits you.
* * * LOW HITPOINT WARNING * * *
You writhe in agony.
You die...

#.#.# .#.#
.#.## ...?.
..... #.#.#
#.#5# #.#@#
......♣
#.#.###.##.
......♣
♣..........
.#...[♣
♣....>.....
......♣
♣.#.###.##.
......#
♣.### #
......# ♣.#
......# ♣♣♣
♣.# ......#
#.♣ #.#


You could see Grinder.

Vanquished Creatures
  An ogre (D:3)
  2 orc priests (D:3)
  Crazy Yiuf (D:2)
  Terence (D:2)
  7 adders
  An ooze (D:2)
  2 worms
  A dart slug (D:1)
  3 leopard geckos
  5 orcs (D:3)
  A giant cockroach (D:1)
  7 goblins
  9 hobgoblins
  6 kobolds
  11 bats
  12 frilled lizards
  10 rats
80 creatures vanquished.

Vanquished Creatures (others)
  A fungus (D:2)
  6 plants (D:1)
7 creatures vanquished.

Grand Total: 87 creatures vanquished

Notes
Turn   | Place    | Note
-------+----------+-------------------------------------------
     0 | D:1      | kodamatunes15 the Tengu Berserker began the quest for the
                  | Orb.
     0 | D:1      | Reached XP level 1. HP: 14/14 MP: 2/2
   175 | D:1      | Reached XP level 2. HP: 17/19 MP: 3/3
   513 | D:1      | Reached XP level 3. HP: 17/23 MP: 4/4
   586 | D:1      | Reached ** piety under Trog
   765 | D:2      | Reached skill level 4 in Long Blades
   983 | D:2      | Reached XP level 4. HP: 25/29 MP: 5/5
  1283 | D:2      | Noticed Terence
  1293 | D:2      | Killed Terence
  1837 | D:2      | Found a runed translucent door.
  1838 | D:2      | Noticed Crazy Yiuf
  1845 | D:2      | Killed Crazy Yiuf
  1846 | D:2      | Gained mutation: You can fly continuously. [Tengu growth]
  1846 | D:2      | Reached XP level 5. HP: 27/33 MP: 6/6
  2082 | D:3      | Reached skill level 5 in Long Blades
  2222 | D:3      | Reached *** piety under Trog
  2223 | D:3      | Reached XP level 6. HP: 26/38 MP: 7/7
  2316 | D:3      | Reached skill level 1 in Staves
  3018 | D:4      | Noticed Grinder
  3033 | D:4      | Paralysed by Grinder for 2 turns
  3036 | D:4      | Slain by Grinder

Illustrated notes

Levels and vault maps discovered:
D:1:      minmay_arrival_doors, layout_basic, minmay_lizard_king
D:2:      layout_loops_corners, uniq_terence, uniq_crazy_yiuf_cottage
D:3:      layout_loops_ring
D:4:      cheibrodos_helix_gallery, layout_basic, bloody_trog, serial_forest,
          infiniplex_forest_lined_ring, infiniplex_forest_end_3,
          infiniplex_forest_lined_2, infiniplex_forest_lined_3_way,
          infiniplex_forest_straight_4, infiniplex_forest_diagonal, uniq_grinder

Skill      XL: |  1  2  3  4  5  6 |
---------------+-------------------+-----
Long Blades    | 4 5 |  5.2
Armour         | 3 |  3.9
Fighting       | 4 |  4.1
Staves         | 2 |  2.4
Dodging        | 3 |  3.0
Stealth        | |  0.5

Action                   |  1- 3 |  4- 6 || total
-------------------------+-------+-------++-------
Melee: Falchion          |    75 |    25 ||   100
       Kick              |    16 |    22 ||    38
       Peck              |     4 |    12 ||    16
       Dagger            |       |     8 ||     8
       Quarterstaff      |       |    59 ||    59
  Use: Scroll            |     2 |     4 ||     6
Armor: Animal skin       |    10 |       ||    10
       Scale mail        |    12 |    32 ||    44
Dodge: Dodged            |    44 |    38 ||    82
       Rpst.: Falchion   |    18 |     5 ||    23
